 Dungeon Crawl Stone Soup version 0.22-a0-159-g7ce444fdad (webtiles) character file.

2382 RedPan the Magician (level 9, -2/69 HPs)
             Began as a Gnoll Skald on Feb 10, 2018.
             Was a Believer of Cheibriados.
             Killed by divine providence
             ... invoked by an orc priest
              (8 damage)
             ... on level 7 of the Dungeon.
             The game lasted 00:23:25 (7171 turns).

RedPan the Magician (Gnoll Skald)                   Turns: 7171, Time: 00:23:26

Health: -2/69      AC:  7    Str: 23    XL:     9   Next: 45%
Magic:  16/18      EV: 18    Int: 24    God:    Cheibriados [**....]
Gold:   49         SH:  0    Dex: 27    Spells: 12/21 levels left

rFire    . . .     SeeInvis +   l - +0 war axe
rCold    . . .     Gourm    .   (no shield)
rNeg     . . .     Faith    .   q - +1 robe of Snakes and Ladders {rPois Dex+7}
rPois    +         Spirit   .   o - +2 hat
rElec    .         Reflect  .   v - +1 cloak {MR+}
rCorr    .         Harm     .   (no gloves)
MR       +....                  (no boots)
Stlth    ++........             (no amulet)
HPRegen  0.61/turn              e - ring of wizardry
MPRegen  0.16/turn              C - ring of Mosaogop {Str+4 Int+2 SInv Stlth-}

@: very slow
A: distributed training, fangs 1, regeneration 1, strong 1, strong nose
a: Bend Time, Renounce Religion


You were on level 7 of the Dungeon.
You worshipped Cheibriados.
Cheibriados was pleased with you.
You were not hungry.

You visited 2 branches of the dungeon, and saw 8 of its levels.

You collected 477 gold pieces.
You spent 428 gold pieces at shops.

Inventory:

Hand Weapons
 a - a +1 falchion
 l - a +0 war axe (weapon)
 r - a +0 shortbow
 w - a +1 falchion of holy wrath
Missiles
 m - 63 arrows (quivered)
Armour
 b - a +0 leather armour
 g - a +0 scale mail
 o - a +2 hat (worn)
 q - the +1 robe of Snakes and Ladders (worn) {rPois Dex+7}
   (You found it on level 4 of the Dungeon)

   It affects your dexterity (+7).
   It protects you from poison.
 v - a +1 cloak of magic resistance (worn)
Magical Staves
 x - an uncursed staff of air
 y - an uncursed staff of wizardry
Jewellery
 e - a ring of wizardry (left hand)
 u - an uncursed ring of poison resistance {unknown}
 B - a +3 ring of evasion {unknown}
 C - the ring of Mosaogop (right hand) {Str+4 Int+2 SInv Stlth-}
   (You bought it in a shop on level 6 of the Dungeon)

   [ring of see invisible]

   It affects your strength (+4).
   It affects your intelligence (+2).
   It lets you see invisible.
   It makes you less stealthy.
Scrolls
 f - a scroll of blinking
 i - a scroll of identify
 p - 3 scrolls of teleportation
 s - a scroll of fog
 t - a scroll of magic mapping
 A - a scroll of fear
Potions
 h - a potion of might
 j - a potion of brilliance
 k - 3 potions of curing
 n - a potion of haste
 z - 3 potions of flight
Books
 c - a book of Battle

   Spells                             Type                      Level
   a - Infusion                       Charms                       1
   b - Shroud of Golubria             Charms/Translocation         2
   c - Song of Slaying                Charms                       2
   d - Spectral Weapon                Hexes/Charms                 3
   e - Regeneration                   Charms/Necromancy            3
Comestibles
 d - 9 rations
 D - 5 chunks of flesh


   Skills:
 + Level 6.3 Fighting
 + Level 4.2 Short Blades
 + Level 6.3 Long Blades
 + Level 4.2 Axes
 + Level 4.2 Maces & Flails
 + Level 4.2 Polearms
 + Level 4.2 Staves
 + Level 4.2 Slings
 + Level 4.2 Bows
 + Level 4.2 Crossbows
 + Level 4.2 Throwing
 + Level 5.0 Armour
 + Level 6.3 Dodging
 + Level 4.2 Stealth
 + Level 4.2 Shields
 + Level 4.2 Unarmed Combat
 + Level 6.6 Spellcasting
 + Level 3.4 Conjurations
 + Level 3.4 Hexes
 + Level 6.5 Charms
 + Level 3.4 Summonings
 + Level 3.4 Necromancy
 + Level 3.4 Translocations
 + Level 3.4 Transmutations
 + Level 3.4 Fire Magic
 + Level 3.4 Ice Magic
 + Level 3.4 Air Magic
 + Level 3.4 Earth Magic
 + Level 3.4 Poison Magic
 + Level 4.6 Invocations
 + Level 4.2 Evocations


You had 12 spell levels left.
You knew the following spells:

 Your Spells              Type           Power        Failure   Level  Hunger
a - Infusion              Chrm           ####         1%          1    None
b - Shroud of Golubria    Chrm/Tloc      ####......   1%          2    None
c - Regeneration          Chrm/Necr      ####......   1%          3    None
d - Spectral Weapon       Hex/Chrm       ####....     1%          3    None


Dungeon Overview and Level Annotations

Branches:
Dungeon (7/15)             Temple (1/1) D:4

Altars:
Ashenzari
Cheibriados
Dithmenos
Elyvilon
Fedhas
Gozag
Hepliaklqana
Kikubaaqudgha
Nemelex Xobeh
Okawaru
Qazlal
Ru
Trog
Vehumet
Wu Jian
Xom
Yredelemnul
Zin
The Shining One

Shops:
D:6 =?

Annotations:
D:6 2 transporters


Innate Abilities, Weirdness & Mutations

Your experience applies equally to all skills.
You have very sharp teeth.
Your uncanny sense of smell can sniff out nearby items.
Your natural rate of healing is unusually fast.
Your muscles are strong. (Str +2)


Message History

You draw out your weapon's spirit!
The orc warrior completely misses you. The orc barely misses you.
You hit the orc but do no damage.
The orc is moderately wounded.
The orc priest mumbles some strange prayers to Beogh against you.
Beogh smites you!
Your spectral weapon hits the orc!
You kill the orc!
Cheibriados appreciates the change of pace.
Cheibriados raises the support of your attributes as your movement slows.
The orc warrior completely misses you.
The orc priest calls down the wrath of Beogh upon you.
Beogh smites you!
* * * LOW HITPOINT WARNING * * *
Okay, then.
The orc priest calls down the wrath of Beogh upon you.
Beogh smites you!
* * * LOW HITPOINT WARNING * * *
The orc priest calls down the wrath of Beogh upon you.
Beogh smites you!
You die...

#..#.#.# #...#.#o# #.
####.#...#.#
#..#........#.########
#..#....##..#o........
#....#..# #.#)########
#.......# #.o.# ∆ #.
#....####(.#.####
#..#........@.......
#..#.>..####.>#.#### #
.#....)............
###.#.##....#####.#.###
#...#.......# #.#.#
...#######..# #.# .
............# .# ##
....#######.# .#
....#.......#


You could see an orc warrior, 2 orc priests and a friendly spectral war axe.

Vanquished Creatures
  Sigmund (D:6)
  Eustachio (D:6)
  A hungry ghost (D:7)
  Menkaure (D:6)
  2 orc warriors (D:6)
  A sky beast (D:7)
  A phantom (D:6)
  4 ogres
  A centaur (D:5)
  3 killer bees (D:7)
  A crimson imp (D:5)
  A quasit (D:5)
  3 hounds
  3 orc priests
  Crazy Yiuf (D:6)
  A gnoll shaman (D:5)
  2 jellies
  Jessica (D:3)
  An iguana (D:7)
  5 worker ants
  A killer bee zombie (D:5)
  3 hound zombies
  A worker ant zombie (D:5)
  A hound skeleton (D:5)
  A howler monkey skeleton (D:7)
  A howler monkey zombie (D:7)
  5 gnolls (D:5)
  5 adders
  2 shadow imps (D:6)
  An ooze (D:4)
  2 adder skeletons
  3 worms
  2 dart slugs (D:1)
  7 leopard geckos
  17 orcs
  6 giant cockroaches
  7 hobgoblins
  10 jackals
  8 kobolds
  5 quokkas
  A ball python (D:6)
  5 bats
  6 frilled lizards
  16 goblins
  A goblin zombie (D:5)
  5 hobgoblin zombies (D:5)
  A kobold skeleton (D:5)
  3 kobold zombies (D:5)
  An orc skeleton (D:5)
  8 rats
170 creatures vanquished.

Notes
Turn   | Place    | Note
-------+----------+-------------------------------------------
     0 | D:1      | RedPan the Gnoll Skald began the quest for the Orb.
     0 | D:1      | Reached XP level 1. HP: 20/20 MP: 6/6
    17 | D:1      | Reached XP level 2. HP: 15/26 MP: 7/7
   143 | D:1      | Learned a level 2 spell: Shroud of Golubria
   464 | D:1      | Reached XP level 3. HP: 19/31 MP: 3/9
   470 | D:1      | Reached skill level 5 in Spellcasting
  1085 | D:2      | Reached skill level 1 in Invocations
  1183 | D:2      | Found a bloodstained altar of Trog.
  1435 | D:2      | Reached skill level 1 in Short Blades
  1435 | D:2      | Reached skill level 1 in Axes
  1435 | D:2      | Reached skill level 1 in Maces & Flails
  1435 | D:2      | Reached skill level 1 in Polearms
  1435 | D:2      | Reached skill level 1 in Staves
  1435 | D:2      | Reached skill level 1 in Slings
  1435 | D:2      | Reached skill level 1 in Bows
  1435 | D:2      | Reached skill level 1 in Crossbows
  1435 | D:2      | Reached skill level 1 in Throwing
  1435 | D:2      | Reached skill level 1 in Stealth
  1435 | D:2      | Reached skill level 1 in Shields
  1435 | D:2      | Reached skill level 1 in Unarmed Combat
  1435 | D:2      | Reached skill level 1 in Evocations
  1510 | D:2      | Reached XP level 4. HP: 20/38 MP: 6/11
  2375 | D:2      | Reached skill level 1 in Conjurations
  2375 | D:2      | Reached skill level 1 in Hexes
  2375 | D:2      | Reached skill level 1 in Summonings
  2375 | D:2      | Reached skill level 1 in Necromancy
  2375 | D:2      | Reached skill level 1 in Translocations
  2375 | D:2      | Reached skill level 1 in Transmutations
  2375 | D:2      | Reached skill level 1 in Fire Magic
  2375 | D:2      | Reached skill level 1 in Ice Magic
  2375 | D:2      | Reached skill level 1 in Air Magic
  2375 | D:2      | Reached skill level 1 in Earth Magic
  2375 | D:2      | Reached skill level 1 in Poison Magic
  2654 | D:3      | Reached XP level 5. HP: 35/43 MP: 4/12
  2771 | D:3      | Noticed Jessica
  2780 | D:3      | Killed Jessica
  3021 | D:3      | Gained mutation: Your natural rate of healing is unusually fast. [potion of mutation]
  3021 | D:3      | Gained mutation: Your muscles are strong. (Str +2) [potion of mutation]
  3119 | D:3      | Learned a level 3 spell: Regeneration
  3123 | D:3      | Learned a level 3 spell: Spectral Weapon
  3689 | D:4      | Reached XP level 6. HP: 50/50 MP: 13/13
  3811 | D:4      | Got a heavily jewelled robe
  3812 | D:4      | Identified the +1 robe of Snakes and Ladders {rPois Dex+7} (You found it on level 4 of the Dungeon)
  3997 | D:4      | Found a staircase to the Ecumenical Temple.
  4063 | Temple   | Entered the Ecumenical Temple
  4465 | D:5      | Entered Level 5 of the Dungeon
  4542 | D:5      | Found a glowing golden altar of the Shining One.
  4549 | D:5      | Reached skill level 5 in Fighting
  4549 | D:5      | Reached skill level 5 in Long Blades
  4549 | D:5      | Reached skill level 5 in Dodging
  4598 | D:5      | Reached XP level 7. HP: 30/56 MP: 12/15
  4983 | D:5      | Found a snail-covered altar of Cheibriados.
  5012 | D:5      | Became a worshipper of Cheibriados the Contemplative
  5412 | D:6      | Noticed Menkaure
  5515 | D:6      | Killed Menkaure
  5515 | D:6      | Reached XP level 8. HP: 34/63 MP: 10/16
  5838 | D:6      | Found a transporter.
  5848 | D:6      | Noticed Eustachio
  5856 | D:6      | Noticed a kobold demonologist
  5881 | D:6      | Found a transporter.
  5918 | D:6      | Killed Eustachio
  5918 | D:6      | Reached * piety under Cheibriados
  6104 | D:6      | Noticed Sigmund
  6113 | D:6      | Killed Sigmund
  6209 | D:6      | Found Ywaanted's Magic Scroll Shoppe.
  6217 | D:6      | Bought a scroll of fear for 49 gold pieces
  6217 | D:6      | Bought a scroll of noise for 14 gold pieces
  6239 | D:6      | Reached XP level 9. HP: 67/69 MP: 18/18
  6348 | D:6      | Found Yfext's Jewellery Shop.
  6354 | D:6      | Bought the ring of Mosaogop {Str+4 Int+2 SInv Stlth-} for 365 gold pieces
  6569 | D:6      | Found a runed door.
  6692 | D:6      | Noticed Crazy Yiuf
  6697 | D:6      | Killed Crazy Yiuf
  6764 | D:7      | Found a blossoming altar of Fedhas.
  7060 | D:7      | Reached skill level 5 in Armour
  7169 | D:7      | Reached ** piety under Cheibriados
  7171 | D:7      | Killed from afar by an orc priest

Vault maps used:
D:1:      lightli_arrival_boilingwater, minmay_fountain_box,
          corexii_hall_statues_u
D:2:      minmay_misc_feat_five, trog_three_pillars_becter
D:3:      serial_bayou_pond_d, uniq_jessica
D:4:      minmay_temple_entry_overgrown, first_ration, st_stairs_6
D:5:      nicolae_tso_besieged_by_evil, cheibrodos_worm_habitat
D:6:      gammafunk_wand_slinger, serial_shops, nicolae_shop_behind_doors,
          nicolae_shop_waterfront, uniq_menkaure, uniq_sigmund,
          uniq_crazy_yiuf_cottage, uniq_eustachio
D:7:      lemuel_round_altar
Temple:   eino_temple_rhombus

Skill      XL: |  1  2  3  4  5  6  7  8  9 |
---------------+----------------------------+-----
Spellcasting   | 5 6 |  6.6
Invocations    | 1 2 3 4 |  4.6
Short Blades   | 1 2 3 4 |  4.2
Axes           | 1 2 3 4 |  4.2
Maces & Flails | 1 2 3 4 |  4.2
Polearms       | 1 2 3 4 |  4.2
Staves         | 1 2 3 4 |  4.2
Slings         | 1 2 3 4 |  4.2
Bows           | 1 2 3 4 |  4.2
Crossbows      | 1 2 3 4 |  4.2
Throwing       | 1 2 3 4 |  4.2
Stealth        | 1 2 3 4 |  4.2
Shields        | 1 2 3 4 |  4.2
Unarmed Combat | 1 2 3 4 |  4.2
Evocations     | 1 2 3 4 |  4.2
Conjurations   | 1 2 3 |  3.4
Hexes          | 1 2 3 |  3.4
Summonings     | 1 2 3 |  3.4
Necromancy     | 1 2 3 |  3.4
Translocations | 1 2 3 |  3.4
Transmutations | 1 2 3 |  3.4
Fire Magic     | 1 2 3 |  3.4
Ice Magic      | 1 2 3 |  3.4
Air Magic      | 1 2 3 |  3.4
Earth Magic    | 1 2 3 |  3.4
Poison Magic   | 1 2 3 |  3.4
Armour         | 3 4 5 |  5.0
Fighting       | 5 6 |  6.3
Long Blades    | 5 6 |  6.3
Dodging        | 5 6 |  6.3
Charms         | 6 |  6.5

Action                   |  1- 3 |  4- 6 |  7- 9 || total
-------------------------+-------+-------+-------++-------
Melee: Falchion          |    64 |       |       ||    64
       Bite              |     7 |    16 |    43 ||    66
       Hand axe          |    44 |    96 |       ||   140
       War axe           |       |    69 |   210 ||   279
       Punch             |       |     1 |     4 ||     5
 Fire: Shortbow          |       |       |     2 ||     2
 Cast: Infusion          |     7 |    13 |     2 ||    22
       Shroud of Golubri |     2 |     8 |     5 ||    15
       Spectral Weapon   |       |     5 |    20 ||    25
  Use: Scroll            |     5 |     6 |     3 ||    14
       Potion            |       |     1 |     1 ||     2
 Stab: Sleeping          |       |     2 |     6 ||     8
       Distracted        |       |       |     1 ||     1
  Eat: Chunk             |     2 |    10 |     4 ||    16
       Ration            |       |       |     2 ||     2
Armor: Leather armour    |    24 |    10 |       ||    34
       Scale mail        |       |     5 |       ||     5
       Robe              |       |    15 |    34 ||    49
Dodge: Dodged            |    97 |   149 |   197 ||   443
       Rpst.: Falchion   |    20 |       |       ||    20

Table legend:
 A = Spawn XP
 B = Non-spawn XP
 C = Spawn XP percentage of total XP
 D = Spawn monster count
 E = Non-spawn monster count
 F = Spawn count percentage of total count
 G = Total turns spent on level
                    A         B        C        D         E        F      G
               +---------+---------+-------+---------+---------+-------+---------
         Total |       0 |    3403 |   0.0 |       0 |     170 |   0.0 |  7171
               +---------+---------+-------+---------+---------+-------+---------
           D:1 |       0 |      55 |   0.0 |       0 |      31 |   0.0 |  1076
           D:2 |       0 |      66 |   0.0 |       0 |      23 |   0.0 |  1446
           D:3 |       0 |     151 |   0.0 |       0 |      27 |   0.0 |  1014
           D:4 |       0 |      95 |   0.0 |       0 |      10 |   0.0 |   775
           D:5 |       0 |     687 |   0.0 |       0 |      36 |   0.0 |  1010
           D:6 |       0 |    1510 |   0.0 |       0 |      29 |   0.0 |  1275
           D:7 |       0 |     839 |   0.0 |       0 |      14 |   0.0 |   421
               +---------+---------+-------+---------+---------+-------+---------
